Map: Acid Plant LE

Players

HeatedStove - Winner!

  • Race: Zerg Zerg
  • League: Master
  • Spawn Location: 5:00

PatSie

  • Race: Terran Terran
  • League: Diamond
  • Spawn Location: 11:00

VOD

Have the link to the VOD?

Description

Time

  • Played on: July 2, 2018, 8:53 p.m.
  • Length: 21:30
Show
View Real Time Build Order
Export as new Build Order

HeatedStove Zerg - Winner!

Build Orders: Hatch First 

Get SALT Encoding   

  12  0:02  Drone  
  13  0:13  Overlord  
  13  0:17  Drone  
  14  0:31  Drone x2  
  16  0:35  Drone  
  17  0:52  Hatchery  
  17  0:56  Drone  
  17  1:00  Drone  
  18  1:10  Extractor  
  17  1:15  Spawning Pool  
  17  1:18  Drone  
  17  1:21  Drone  
  18  1:30  Drone  
  19  1:39  Overlord  
  19  1:54  Drone  
  20  2:05  Zergling x2, Queen  
  20  2:06  Queen  
  20  2:07  Zergling x2  
  26  2:13  Metabolic Boost  
  26  2:15  Drone  
  26  2:16  Drone  
  26  2:22  Drone  
  28  2:40  Drone  
  28  2:42  Hatchery  
  28  2:50  Queen  
  30  2:53  Overlord  
  30  2:59  Drone x2  
  30  3:00  Drone  
  30  3:02  Drone  
  34  3:07  Drone  
  35  3:14  Overlord  
  35  3:18  Overlord  
  35  3:21  Drone x2  
  35  3:26  Queen  
  39  3:31  Queen  
  41  3:40  Drone x3  
  41  3:41  Drone  
  45  3:42  Drone  
  46  3:55  Queen  
  46  3:57  Drone x2  
  50  4:05  Drone x2  
  50  4:07  Zergling x6  
  50  4:08  Zergling x6  
  58  4:13  Drone  
  58  4:15  Drone  
  58  4:16  Drone  
  61  4:21  Spore Crawler  
  60  4:24  Spore Crawler  
  60  4:26  Evolution Chamber  
  60  4:27  Spore Crawler, Evolution Chamber  
  60  4:28  Drone x2  
  58  4:31  Overlord  
  58  4:42  Drone  
  58  4:43  Drone x6  
  65  4:46  Overlord  
  65  4:56  Zerg Melee Weapons Level 1, Zerg Ground Armor Level 1  
  65  4:58  Baneling Nest  
  64  5:00  Queen  
  64  5:04  Queen  
  68  5:08  Queen  
  68  5:11  Drone  
  68  5:12  Drone  
  72  5:21  Drone x3  
  72  5:22  Overlord, Drone x2  
  78  5:28  Zergling x2  
  78  5:29  Zergling x6  
  81  5:41  Lair  
  81  5:48  Extractor x2  
  81  5:49  Drone x10  
  89  5:53  Extractor  
  89  5:55  Extractor  
  87  5:57  Hatchery  
  87  6:00  Overlord x2  
  87  6:01  Zergling x2  
  87  6:02  Zergling x4  
  87  6:04  Baneling x3  
  89  6:11  Extractor  
  89  6:16  Overlord x3  
  88  6:36  Drone x3  
  88  6:39  Centrifical Hooks  
  91  6:40  Drone x2  
  91  6:41  Drone x2  
  91  6:42  Drone x5  
  100  6:49  Hydralisk Den, Drone x2  
  100  6:50  Hatchery  
  100  6:55  Zergling x2  
  100  6:56  Zergling x4  
  103  7:04  Zerg Melee Weapons Level 2  
  103  7:07  Zerg Ground Armor Level 2  
  103  7:19  Zergling x16  
  103  7:20  Zergling x10  
  116  7:26  Grooved Spines  
  116  7:34  Hydralisk  
  118  7:37  Overlord x5  
  118  7:39  Baneling  
  118  7:40  Baneling x4  
  118  7:41  Baneling x3  
  118  7:57  Hydralisk x6  
  118  7:58  Zergling x2  
  131  7:59  Zergling x16  
  139  8:22  Infestation Pit  
  139  8:23  Drone x2  
  139  8:24  Drone x12  
  152  8:32  Hydralisk x6  
  164  8:34  Zergling x2  
  164  8:37  Overlord x5  
  164  8:40  Muscular Augments  
  165  8:47  Overseer  
  165  8:49  Overseer  
  165  8:50  Overseer x2  
  165  9:07  Extractor  
  165  9:08  Extractor  
  163  9:10  Zergling x22  
  163  9:11  Zergling x24  
  162  9:24  Hatchery  
  162  9:30  Hive  
  162  9:31  Burrow  
  161  9:33  Drone x3  
  160  9:41  Drone  
  160  9:42  Drone x15  
  176  9:53  Hydralisk x3  
  176  9:54  Hydralisk x4  
  190  10:29  Hatchery  
  190  10:32  Zergling x2  
  190  10:33  Zergling x20  
  192  10:44  Hatchery  
  191  10:57  Viper x4  
  187  10:59  Zerg Ground Armor Level 3, Zerg Melee Weapons Level 3  
  199  11:07  Baneling x9  
  199  11:08  Baneling x13  
  198  11:23  Spine Crawler x2  
  198  11:24  Spine Crawler  
  195  11:26  Spine Crawler, Zergling x2  
  195  11:27  Zergling x8  
  193  11:40  Baneling x10  
  193  11:52  Drone x6  
  193  11:53  Overlord x2  
  196  12:18  Hatchery  
  196  12:21  Spine Crawler x2  
  196  12:22  Spine Crawler x2  
  191  12:24  Drone, Ultralisk Cavern  
  191  12:25  Drone  
  191  12:26  Spire  
  191  12:27  Hydralisk x2  
  191  12:28  Hydralisk x2  
  191  12:38  Zergling x2  
  191  12:39  Zergling x18  
  198  12:44  Overlord  
  198  12:45  Overlord x2  
  181  13:05  Hydralisk x11  
  174  13:06  Hydralisk x2  
  174  13:08  Hatchery  
  197  13:14  Zergling x2  
  197  13:15  Zergling x2  
  197  13:16  Adrenal Glands  
  192  13:36  Zerg Missile Weapons Level 1  
  192  13:43  Greater Spire, Chitinous Plating  
  192  13:44  Ultralisk  
  198  13:58  Zergling x4  
  181  14:14  Pneumatized Carapace  
  181  14:26  Zergling x2  
  181  14:27  Zergling x26  
  195  14:35  Extractor x2  
  193  14:47  Ultralisk  
  163  15:08  Zergling x26  
  163  15:09  Zergling x36  
  185  15:16  Hydralisk x6  
  197  15:44  Baneling x5  
  197  15:45  Baneling x21  
  154  16:18  Zergling x2  
  154  16:19  Zergling x40  
  154  16:20  Zergling x36  
  154  16:23  Viper x2  
  199  16:32  Baneling x4, Extractor  
  199  16:33  Extractor  
  185  16:53  Baneling  
  183  16:54  Baneling x15  
  183  16:55  Baneling x17, Ultralisk  
  183  16:56  Ultralisk  
  186  17:32  Extractor  
  163  17:39  Zergling x28  
  163  17:40  Zergling x26  
  188  17:47  Extractor  
  183  17:52  Corruptor  
  183  17:53  Corruptor x7  
  183  17:55  Zerg Flyer Weapons Level 1  
  197  18:00  Hatchery  
  193  18:13  Baneling x4  
  193  18:14  Baneling x7  
  193  18:26  Zergling x12  
  199  18:27  Baneling  
  199  18:28  Baneling x10  
  199  18:36  Zerg Missile Weapons Level 2  
  197  19:15  Drone x22  
  192  19:30  Hatchery  
  191  19:45  Drone x21  
  179  20:10  Brood Lord  
  179  20:11  Brood Lord x7  
  179  20:14  Zergling x22  
  180  20:15  Zergling x20  
  199  20:31  Drone  
  199  20:47  Hatchery  
  198  20:56  Hatchery  
  197  21:07  Hatchery  
Show
View Real Time Build Order
Export as new Build Order

PatSie Terran 

Build Orders: Hellion Opening, Reaper Expand, Bio Tank 

Get SALT Encoding   

  12  0:01  SCV  
  13  0:13  SCV  
  14  0:17  Supply Depot  
  14  0:25  SCV  
  15  0:39  SCV  
  15  0:40  Barracks  
  16  0:46  Refinery  
  16  0:51  SCV  
  17  1:03  SCV  
  18  1:15  SCV  
  19  1:27  Orbital Command  
  19  1:30  Reaper  
  20  1:42  Command Center  
  20  1:52  Supply Depot  
  20  1:56  SCV  
  21  2:06  Factory  
  21  2:10  Refinery, Marine  
  21  2:15  SCV  
  23  2:27  SCV  
  24  2:32  Barracks Reactor  
  24  2:39  SCV  
  25  2:50  Starport  
  25  2:51  SCV  
  26  2:55  Orbital Command  
  26  3:03  SCV  
  27  3:15  SCV  
  27  3:16  Hellion x2  
  27  3:19  Barracks Tech Lab  
  32  3:22  SCV  
  33  3:27  Supply Depot, SCV  
  33  3:32  Viking  
  36  3:34  SCV  
  36  3:37  Hellion x2  
  36  3:41  SCV  
  42  3:42  Marine  
  42  3:43  Stimpack  
  42  3:50  Supply Depot, SCV  
  42  3:53  SCV  
  44  3:58  Hellion  
  44  3:59  Hellion  
  48  4:03  SCV  
  49  4:10  Starport Reactor  
  49  4:11  SCV  
  49  4:15  SCV  
  51  4:18  Command Center  
  51  4:32  SCV x2, Barracks  
  51  4:33  Factory Reactor, Barracks  
  53  4:42  Supply Depot  
  53  4:44  SCV  
  54  4:47  Engineering Bay, SCV  
  54  4:48  Engineering Bay  
  54  4:52  Refinery  
  55  4:53  Refinery  
  55  4:59  SCV x2  
  57  5:01  Marine  
  57  5:02  Medivac  
  57  5:04  Medivac  
  62  5:10  Supply Depot  
  62  5:11  SCV  
  63  5:19  Terran Infantry Weapons Level 1, Terran Infantry Armor Level 1  
  63  5:20  Marine  
  64  5:23  Factory Tech Lab  
  64  5:26  SCV x2  
  66  5:35  Marine x3  
  70  5:36  Supply Depot x2  
  70  5:37  Orbital Command  
  70  5:40  Marine x2  
  71  5:43  Combat Shield  
  71  5:45  SCV  
  71  5:47  SCV  
  73  5:57  SCV  
  73  5:59  SCV  
  76  6:08  Orbital Command  
  76  6:09  SCV  
  77  6:11  SCV  
  77  6:18  Supply Depot  
  77  6:19  Supply Depot  
  77  6:21  Armory, SCV  
  77  6:22  Marine x2  
  77  6:23  Barracks, Marine x3  
  77  6:24  SCV  
  84  6:25  Barracks  
  84  6:29  Siege Tank  
  87  6:33  Supply Depot  
  87  6:40  Marine x4  
  87  6:41  Marine  
  87  6:43  SCV x3  
  95  6:55  Refinery  
  95  6:57  Medivac  
  95  6:58  Marine x5  
  95  6:59  Supply Depot x2  
  95  7:00  Refinery, Medivac  
  104  7:11  Siege Tank  
  104  7:15  Barracks Reactor x2  
  107  7:16  Marine x4, Terran Vehicle Weapons Level 1  
  107  7:17  Marauder  
  107  7:19  Terran Infantry Weapons Level 2  
  107  7:21  Terran Infantry Armor Level 2  
  113  7:24  SCV x2  
  113  7:28  SCV  
  116  7:33  Marine  
  116  7:34  Marine x2  
  116  7:36  SCV x2, Medivac x2  
  125  7:37  Marine  
  125  7:38  Marine  
  125  7:43  Siege Tank  
  129  7:51  Marine x2  
  129  7:52  Marine x5  
  136  7:59  Supply Depot, Marine x2  
  136  8:01  SCV  
  136  8:02  SCV  
  136  8:03  Supply Depot  
  140  8:06  Medivac x2  
  140  8:09  Marine x2, Factory  
  145  8:14  Marine x2  
  145  8:15  Marine x2  
  149  8:21  Marauder  
  151  8:35  Marine  
  151  8:36  Marine x3  
  151  8:37  Siege Tank  
  151  8:38  Marine x2  
  151  8:39  SCV, Marine x2  
  151  8:40  SCV  
  164  8:47  Supply Depot  
  164  8:48  Supply Depot  
  164  8:53  SCV  
  164  8:55  Concussive Shells  
  165  9:01  SCV  
  165  9:09  Marauder  
  167  9:15  Marine x3, Medivac x2  
  155  9:28  Siege Tank  
  155  9:29  Marine x5, Factory Tech Lab  
  155  9:30  SCV x2  
  155  9:31  Marauder  
  167  9:40  SCV  
  167  9:42  SCV x2  
  162  9:52  Marauder  
  164  9:57  Supply Depot  
  164  9:58  Siege Tank, Terran Vehicle Weapons Level 2, Supply Depot, Terran Infantry Armor Level 3  
  164  9:59  Sensor Tower  
  167  10:00  Siege Tank, Marine  
  167  10:02  Command Center  
  171  10:09  Command Center  
  171  10:13  Marauder  
  171  10:14  SCV x3  
  166  10:23  Marine x4  
  170  10:30  Siege Tank, Marine x2  
  170  10:32  Siege Tank  
  170  10:35  Marauder  
  180  10:40  Marine  
  180  10:41  Marine, Command Center  
  182  10:50  Marine x3, Medivac x2  
  182  10:56  Marauder  
  190  10:59  Marine  
  190  11:03  Siege Tank  
  194  11:05  Siege Tank  
  197  11:14  Marine  
  197  11:29  Supply Depot  
  197  11:31  Command Center  
  197  11:50  Siege Tank  
  200  12:02  Barracks  
  200  12:03  Barracks x2  
  200  12:05  Ghost Academy  
  200  12:06  Planetary Fortress  
  200  12:15  Marine x3  
  200  12:31  Refinery  
  200  12:35  Refinery, Marine x5, Sensor Tower  
  200  12:36  Marauder, Siege Tank  
  189  12:37  Siege Tank, Marine x2  
  189  12:44  Unknown x10  
  194  12:45  Marine  
  194  12:48  Marine, Medivac x2  
  200  12:55  Marine  
  200  12:57  Marauder  
  189  12:58  Command Center  
  189  13:04  Marine  
  189  13:05  Marine x2  
  172  13:08  Siege Tank  
  172  13:09  Siege Tank  
  178  13:19  Marauder  
  180  13:22  Barracks Tech Lab  
  180  13:23  Barracks Tech Lab x2  
  180  13:24  Personal Cloaking  
  180  13:27  SCV x3  
  180  13:28  SCV  
  181  13:39  SCV  
  181  13:40  Marauder, Siege Tank  
  184  13:41  Siege Tank  
  184  13:43  Medivac  
  189  13:53  Marauder, Marine x5  
  189  13:54  Marauder x2  
  189  13:55  Terran Infantry Weapons Level 3  
  200  13:56  Terran Vehicle Weapons Level 3  
  200  14:02  Marauder  
  198  14:05  Marine x3  
  184  14:10  Marine  
  184  14:12  Siege Tank  
  184  14:13  Siege Tank  
  184  14:15  Marauder x2  
  193  14:20  Unknown x8  
  193  14:23  Marauder  
  199  14:49  Unknown  
  199  14:52  Siege Tank x2, Marine x2  
  198  14:59  Marine x2  
  176  15:00  Marauder x2, Marine x3  
  176  15:04  Unknown  
  153  15:15  Marine x3  
  153  15:17  Marine  
  161  15:33  Unknown  
  163  15:39  Command Center  
  163  15:41  Marauder, Unknown, Marine  
  163  15:42  Marine x2  
  168  15:48  Marine  
  168  15:49  Marine x4  
  173  15:50  Marauder x2, Unknown x2  
  177  15:59  Marine x3, Command Center  
  177  16:00  Planetary Fortress  
  177  16:01  Unknown  
  177  16:02  Marauder  
  177  16:03  Marauder  
  184  16:06  Marine x2  
  184  16:07  Marine x3  
  163  16:11  Marauder  
  163  16:12  Marauder  
  163  16:17  Marine x3  
  163  16:18  Refinery x2  
  134  16:23  Marauder  
  134  16:24  Marauder, Marine x3  
  134  16:25  Marine x2  
  108  16:33  Marauder x2, Medivac  
  108  16:35  Marine x3  
  111  16:42  Marine x4  
  111  16:43  Marine  
  111  16:45  Marauder x2, Medivac  
  120  16:54  Marauder, Starport  
  120  16:55  SCV x2  
  120  16:56  Starport  
  120  16:58  Starport  
  120  16:59  Planetary Fortress  
  124  17:03  Medivac  
  124  17:05  SCV  
  124  17:06  SCV x2  
  124  17:07  SCV  
  124  17:08  SCV  
  131  17:18  SCV, Marine x2, Medivac  
  131  17:19  Marauder, Marine  
  131  17:22  Missile Turret  
  139  17:24  Refinery  
  139  17:25  SCV x2  
  139  17:26  Marine x4  
  142  17:33  Medivac  
  142  17:34  Marine x3  
  142  17:35  Marauder  
  114  17:42  Starport Reactor x2, Starport Tech Lab  
  101  17:44  Fusion Core  
  101  17:47  SCV x3  
  101  17:48  SCV, Medivac  
  105  17:53  Siege Tank x2  
  105  17:56  Marine x5  
  105  17:57  Marauder, Marine x5  
  123  18:04  SCV x2, Liberator  
  123  18:05  SCV x3  
  127  18:08  Marine  
  128  18:14  Marine x3  
  128  18:15  Marine x3  
  128  18:16  Marauder, SCV, Marine x2  
  128  18:17  SCV, Marine  
  128  18:18  Marine  
  142  18:23  SCV  
  146  18:33  Command Center  
  146  18:39  Marine x6  
  146  18:40  Marauder, Marine x2  
  156  18:42  Marine  
  157  18:50  Siege Tank x2, Marine  
  165  18:57  Orbital Command  
  165  18:58  Marine  
  165  18:59  Marine x3  
  165  19:00  Marauder, Marine  
  165  19:02  Marine x3  
  161  19:16  Marine x2  
  161  19:17  Marine x2  
  160  19:18  Marine  
  160  19:19  Liberator x4  
  160  19:21  Marauder  
  160  19:22  Siege Tank x2  
  160  19:23  SCV  
  160  19:24  SCV  
  170  19:37  Marine  
  183  19:43  Marauder  
  185  19:45  Marine x2  
  185  19:46  Marine x2  
  185  19:51  Marine x2  
  185  19:52  Marine  
  163  19:55  Marine  
  164  20:01  Siege Tank  
  164  20:03  Marine x3  
  164  20:04  Marauder, Marine  
  166  20:09  Marine x3  
  166  20:13  Marine  
  145  20:19  Medivac x4  
  149  20:21  Marine x3  
  149  20:26  Marauder  
  149  20:27  SCV  
  155  20:35  Marine x3  
  155  20:36  Marine  
  155  20:38  Medivac x3  
  165  20:45  Marine  
  165  20:47  Marauder  
  165  20:48  Marine x2  
  165  20:49  Marine, Medivac x2  
  181  20:53  Marine x3  
  170  21:07  Marine x2  
  170  21:08  Marauder, Marine  
Tags
 
Add a new tag
Caveats
  • Supply blocks, unpowered buildings, or Contaminate may cause inaccurate times.
  • Supply counts are checked every 10 seconds.